 Dungeon Crawl Stone Soup version 0.30.1-11-g7821555f0a (webtiles) character file.

Game seed: 17760023492192630895

528 Unglued128 the Grave Robber (level 7, 0/51 HPs)
             Began as a Gnoll Necromancer on Nov 18, 2023.
             Slain by a gnoll bouda
             ... wielding a +0 club
              (2 damage)
             ... on level 6 of the Dungeon.
             The game lasted 00:25:53 (3272 turns).

Unglued128 the Grave Robber (Gnoll Necromancer)     Turns: 3272, Time: 00:25:53

Health: 0/51       AC:  7    Str:  4    XL:     7   Next: 23%
Magic:  6/15       EV:  6    Int: 28    God:
Gold:   120        SH:  0    Dex: 12    Spells: 16/17 levels left

rFire   . . .        l - +2 hammer of Midsummer {flame, Str-3 Int+5}
rCold   . . .        n - orb of Zin {light, Int+6}
rNeg    . . .        o - +1 scale mail {rPois}
rPois   +            (no helmet)
rElec   .            (no cloak)
rCorr   .            (no gloves)
SInv    .            (no boots)
Will    .....        (no amulet)
Stlth   +            (no ring)
HPRegen 0.28/turn    (no ring)
MPRegen 0.14/turn

%: no passive effects
@: glowing
A: fangs 1, strong nose, distributed training
a: no special abilities


You were on level 6 of the Dungeon.
You visited 1 branch of the dungeon, and saw 6 of its levels.

You collected 159 gold pieces.
You spent 39 gold pieces at shops.

Inventory:

Hand Weapons
 j - a +2 dagger of chaos
 l - the +2 hammer of Midsummer (weapon) {flame, Str-3 Int+5}
   (You found it on level 4 of the Dungeon)

   Str:       It affects your strength (-3).
   Int:       It affects your intelligence (+5).
Missiles
 c - 2 throwing nets
Armour
 a - a +1 robe
 n - the orb of Zin (worn) {light, Int+6}
   (You found it on level 4 of the Dungeon)

   Int:       It affects your intelligence (+6).
 o - a +1 scale mail of poison resistance (worn)
Jewellery
 f - an amulet of the acrobat
Wands
 k - a wand of mindburst (8)
Scrolls
 q - a scroll of fog {unknown}
Potions
 b - a potion of magic
 d - a potion of attraction
 e - 2 potions of invisibility
 g - a potion of resistance
 i - 2 potions of flight
 p - a potion of mutation {unknown}
 s - a potion of degeneration
 t - a potion of lignification
 u - a potion of might {unknown}
 v - a potion of curing


   Skills:
 + Level 2.4 Fighting
 + Level 2.4 Short Blades
 + Level 2.4 Long Blades
 + Level 2.4 Axes
 + Level 2.4 Maces & Flails
 + Level 2.4 Polearms
 + Level 2.4 Staves
 + Level 2.4 Ranged Weapons
 + Level 2.4 Throwing
 + Level 2.4 Armour
 + Level 5.2 Dodging
 + Level 4.9 Stealth
 + Level 2.4 Shields
 + Level 2.4 Unarmed Combat
 + Level 5.6 Spellcasting
 + Level 2.0 Conjurations
 + Level 2.0 Hexes
 + Level 2.0 Summonings
 + Level 7.4 Necromancy
 + Level 2.0 Translocations
 + Level 2.0 Transmutations
 + Level 2.0 Fire Magic
 + Level 2.0 Ice Magic
 + Level 2.0 Air Magic
 + Level 2.0 Earth Magic
 + Level 2.0 Poison Magic
 + Level 2.7 Invocations
 + Level 2.4 Evocations


You had 16 spell levels left.
You knew the following spells:

 Your Spells              Type           Power      Damage    Failure   Level
a - Necrotise             Necr           100%       1d9       10%         1

Your spell library contained the following spells:

 Spells                   Type           Power      Damage    Failure   Level
 Vampiric Draining        Necr           49%        2d9       28%         3
 Cigotuvi's Dreadful Rot  Necr/Pois/Air  58%        N/A       54%         2
 Freeze                   Ice            76%        1d8       65%         1
 Sandblast                Erth           38%        2d10      65%         1
 Animate Dead             Necr           49%        N/A       67%         4
 Passwall                 Tmut/Erth      15%        N/A       80%         2
 Frozen Ramparts          Ice            38%        1d6       95%         3
 Hailstorm                Conj/Ice       19%        3d6       95%         3
 Ignite Poison            Fire/Tmut/Pois 19%        N/A       95%         3
 Stone Arrow              Conj/Erth      38%        3d9       95%         3
 Vhi's Electric Charge    Tloc/Air       38%        N/A       95%         3
 Agony                    Necr           49%        N/A       95%         5
 Ice Form                 Ice/Tmut       19%        N/A       100%        4
 Arcjolt                  Conj/Air       9%         1d19      100%        5
 Freezing Cloud           Conj/Ice/Air   9%         6-21      100%        5
 Simulacrum               Ice/Necr       17%        N/A       100%        6
 Maxwell's Capacitive Co  Air            9%         ∞         100%        8


Dungeon Overview and Level Annotations

Branches:
Dungeon (7/15)
 Temple: D:4-7

Altars:
Ru

Shops:
D:4 !

Annotations:
D:4 1 runed translucent door, Crazy Yiuf


Innate Abilities, Weirdness & Mutations

You have very sharp teeth.
Your uncanny sense of smell can sniff out nearby items.
Your experience applies equally to all skills.


Message History

Casting: Necrotise (safe; 10% risk of failure)
Confirm with . or Enter, or press ? or * to list all spells.
Aiming: Necrotise (safe; 10% risk of failure)
Press: ? - help, Shift-Dir - straight line, f - gnoll bouda
Aim: a gnoll bouda, wielding a +0 club and wearing a +0 leather armour (moderately wounded, haloed, chance to affect: 83%)
The gnoll bouda barely resists.
The gnoll hits you but does no damage.
The gnoll bouda hits you with a +0 club.
Casting: Necrotise (safe; 10% risk of failure)
Confirm with . or Enter, or press ? or * to list all spells.
Aiming: Necrotise (safe; 10% risk of failure)
Press: ? - help, Shift-Dir - straight line, f/p - gnoll bouda
Aim: a gnoll bouda, wielding a +0 club and wearing a +0 leather armour (moderately wounded, haloed, chance to affect: 83%)
The gnoll bouda writhes in agony.
The gnoll hits you from afar with a +0 halberd!
* * * LOW HITPOINT WARNING * * *
The gnoll bouda closely misses you.
You feel much better. The gnoll hits you but does no damage.
The gnoll bouda hits you with a +0 club.
Casting: Necrotise (safe; 10% risk of failure)
Confirm with . or Enter, or press ? or * to list all spells.
Aiming: Necrotise (safe; 10% risk of failure)
Press: ? - help, Shift-Dir - straight line, f/p - gnoll bouda
Aim: a gnoll bouda, wielding a +0 club and wearing a +0 leather armour (moderately wounded, haloed, chance to affect: 83%)
The gnoll bouda writhes in agony.
The gnoll is no longer moving quickly.
The gnoll hits you from afar with a +0 halberd!
* * * LOW HITPOINT WARNING * * *
The gnoll bouda hits you with a +0 club.
* * * LOW HITPOINT WARNING * * *
You feel better. The gnoll barely misses you.
The gnoll bouda barks out a call to the hunt!
The gnoll picks up the pace!
Read: scroll of poison
Press: ? - help, Q - select action, (/) - cycle Dir - look around, f - activate You can't see that place.
The air fills with toxic fumes!
As you read the scroll of poison, it crumbles to dust.
The gnoll hits you from afar with a +0 halberd!
* * * LOW HITPOINT WARNING * * *
The gnoll bouda hits you with a +0 club.
You die...

∆ # .# #
##.#.##
#####g......
#ogsg.#...##
#g#.).).....
#@#lg)).....
#§#########+
#§§∆ ####


You could see a gnoll bouda, an orc wizard and a gnoll (swift).

Vanquished Creatures
  Sigmund (D:3)
  3 wights (D:7)
  A jelly (D:7)
  An orc priest (D:4)
  3 hounds
  A worm (D:2)
  9 orcs
  2 bats (D:3)
  4 endoplasms
  3 goblins
  6 hobgoblins
  9 jackals
  A quokka (D:4)
  7 ball pythons
  2 frilled lizards
  4 kobolds
  5 rats
62 creatures vanquished.

Vanquished Creatures (collateral kills)
  A frilled lizard (D:2)
1 creature vanquished.

Grand Total: 63 creatures vanquished

Notes
Turn   | Place    | Note
-------+----------+-------------------------------------------
     0 | D:1      | Unglued128 the Gnoll Necromancer began the quest for the
                  | Orb.
     0 | D:1      | Reached XP level 1. HP: 13/13 MP: 6/6
   346 | D:1      | Reached XP level 2. HP: 19/19 MP: 5/7
   575 | D:1      | Found a faded altar of an unknown god.
  1118 | D:2      | Reached skill level 5 in Spellcasting
  1118 | D:2      | Reached XP level 3. HP: 25/25 MP: 4/9
  1499 | D:2      | Reached skill level 1 in Invocations
  1813 | D:3      | Noticed Sigmund
  1819 | D:3      | Killed Sigmund
  1820 | D:3      | Reached skill level 1 in Fighting
  1820 | D:3      | Reached skill level 1 in Short Blades
  1820 | D:3      | Reached skill level 1 in Long Blades
  1820 | D:3      | Reached skill level 1 in Axes
  1820 | D:3      | Reached skill level 1 in Maces & Flails
  1820 | D:3      | Reached skill level 1 in Polearms
  1820 | D:3      | Reached skill level 1 in Staves
  1820 | D:3      | Reached skill level 1 in Ranged Weapons
  1820 | D:3      | Reached skill level 1 in Throwing
  1820 | D:3      | Reached skill level 1 in Armour
  1820 | D:3      | Reached skill level 1 in Shields
  1820 | D:3      | Reached skill level 1 in Unarmed Combat
  1820 | D:3      | Reached skill level 1 in Conjurations
  1820 | D:3      | Reached skill level 1 in Hexes
  1820 | D:3      | Reached skill level 1 in Summonings
  1820 | D:3      | Reached skill level 1 in Translocations
  1820 | D:3      | Reached skill level 1 in Transmutations
  1820 | D:3      | Reached skill level 1 in Fire Magic
  1820 | D:3      | Reached skill level 1 in Ice Magic
  1820 | D:3      | Reached skill level 1 in Air Magic
  1820 | D:3      | Reached skill level 1 in Earth Magic
  1820 | D:3      | Reached skill level 1 in Poison Magic
  1820 | D:3      | Reached skill level 1 in Evocations
  1820 | D:3      | Reached XP level 4. HP: 33/33 MP: 3/11
  1820 | D:3      | Reached XP level 5. HP: 38/38 MP: 3/12
  1988 | D:3      | Reached XP level 6. HP: 44/44 MP: 9/13
  2053 | D:3      | Found a sacrificial altar of Ru.
  2481 | D:4      | Found Jebom's Distillery.
  2508 | D:4      | Bought a potion of curing for 39 gold pieces
  2557 | D:4      | Found a runed translucent door.
  2558 | D:4      | Noticed Crazy Yiuf
  2560 | D:4      | Identified the +2 hammer of Midsummer {flame, Str-3 Int+5}
  2591 | D:4      | Reached skill level 5 in Dodging
  2654 | D:4      | Identified the orb of Zin {light, Int+6}
  3028 | D:4      | You fall into a shaft and drop 3 floors!
  3179 | D:7      | Reached XP level 7. HP: 37/51 MP: 15/15
  3272 | D:6      | HP: 2/51 [gnoll/+0 halberd[a gnoll bouda] (14)]
  3272 | D:6      | Slain by a gnoll bouda

Illustrated notes

Levels and vault maps discovered:
D:1:      psy_arrival_statuary, layout_loops_corners,
          hellmonk_ecumenical_altar_heavens_door
D:2:      layout_loops_cross, minivault_14
D:3:      layout_basic, overflow_temple_1_default, uniq_sigmund
D:4:      layout_rooms, serial_shops, nicolae_shop_industrial_runoff,
          uniq_crazy_yiuf_cottage
D:6:      layout_basic, nicolae_hepliaklqana_monster_ancestors,
          minmay_temple_entry_steel_oval
D:7:      cheibrodos_iron_armory, layout_rooms, serial_shops,
          nicolae_take_the_stairs, patterned_corridor, uniq_pikel

Skill      XL: |  1  2  3  4  5  6  7 |
---------------+----------------------+-----
Spellcasting   | 5 |  5.6
Invocations    | 1 2 |  2.7
Fighting       | 1 2 |  2.4
Short Blades   | 1 2 |  2.4
Long Blades    | 1 2 |  2.4
Axes           | 1 2 |  2.4
Maces & Flails | 1 2 |  2.4
Polearms       | 1 2 |  2.4
Staves         | 1 2 |  2.4
Ranged Weapons | 1 2 |  2.4
Throwing       | 1 2 |  2.4
Armour         | 1 2 |  2.4
Shields        | 1 2 |  2.4
Unarmed Combat | 1 2 |  2.4
Conjurations   | 1 2 |  2.0
Hexes          | 1 2 |  2.0
Summonings     | 1 2 |  2.0
Translocations | 1 2 |  2.0
Transmutations | 1 2 |  2.0
Fire Magic     | 1 2 |  2.0
Ice Magic      | 1 2 |  2.0
Air Magic      | 1 2 |  2.0
Earth Magic    | 1 2 |  2.0
Poison Magic   | 1 2 |  2.0
Evocations     | 1 2 |  2.4
Dodging        | 5 |  5.2
Stealth        | |  4.9
Necromancy     | |  7.4

Action                     |  1- 3 |  4- 6 |  7- 9 || total
---------------------------+-------+-------+-------++-------
  Melee: Mace              |       |    13 |     3 ||    16
         Dagger            |       |     7 |       ||     7
         Bite              |       |     2 |       ||     2
   Cast: Necrotise         |    52 |    39 |    12 ||   103
  Evoke: Wand              |       |     3 |     1 ||     4
    Use: Scroll            |     5 |    10 |     1 ||    16
         Potion            |       |       |     3 ||     3
 Armour: Robe              |     1 |     4 |       ||     5
         Scale mail        |       |     8 |     7 ||    15
  Dodge: Dodged            |     4 |    22 |     8 ||    34
